 Dungeon Crawl Stone Soup version 0.27.1-33-g824d729ab1 (webtiles) character file.

Game seed: 1815323822495676003

53 zeram the Poker (level 3, 0/30 HPs)
             Began as a Merfolk Fighter on Nov 28, 2021.
             Slain by an adder (2 damage)
             ... on level 2 of the Dungeon.
             The game lasted 00:01:58 (1492 turns).

zeram the Poker (Merfolk Fighter)                   Turns: 1492, Time: 00:01:59

Health: 0/30       AC:  6    Str: 16    XL:     3   Next: 87%
Magic:  3/3        EV:  7    Int:  8    God:
Gold:   40         SH: 10    Dex: 13    Spells: 2/2 levels left

rFire    . . .     SeeInvis .   a - +0 trident
rCold    . . .     Faith    .   c - +1 kite shield
rNeg     . . .     Spirit   .   b - +0 scale mail
rPois    .         Reflect  .   (no helmet)
rElec    .         Harm     .   (no cloak)
rCorr    .         Rampage  .   (no gloves)
Will     +....                  (no boots)
Stlth    ..........             (no amulet)
HPRegen  0.10/turn              h - ring of willpower
MPRegen  0.08/turn              i - ring of wizardry

@: mighty, lethally poisoned (0 -> -2), flying
A: (nimble swimmer 2), mertail
a: no special abilities


You were on level 2 of the Dungeon.
You visited 1 branch of the dungeon, and saw 2 of its levels.

You collected 40 gold pieces.

Inventory:

Hand Weapons
 a - a +0 trident (weapon)
Armour
 b - a +0 scale mail (worn)
 c - a +1 kite shield (worn)
Jewellery
 h - a ring of willpower (left hand)
 i - a ring of wizardry (right hand)
Scrolls
 e - a scroll of blinking
 f - 2 scrolls of amnesia
 g - a scroll of teleportation
 k - a scroll of silence {unknown}


   Skills:
 + Level 3.7 Fighting
 + Level 4.1 Polearms
 - Level 2.3 Armour
 + Level 0.6 Dodging
 + Level 3.6 Shields


You had 2 spell levels left.
You didn't know any spells.
Your spell library was empty.

Dungeon Overview and Level Annotations

Branches:
Dungeon (2/15)

Altars:


Innate Abilities, Weirdness & Mutations

((You are quick and stealthy near water. (Stealth+, EV+, Speed+++)))
Your lower body shifts to a powerful aquatic tail in water.


Message History

The adder bites you.
You are poisoned.
The adder poisons you! You block the adder's attack.
Your scale mail prevents you from hitting the adder.
You feel sick. The adder closely misses you.
You are too injured to fight recklessly!
You are too injured to fight recklessly!
You are too injured to fight recklessly!
You are too injured to fight recklessly!
You are too injured to fight recklessly!
You are too injured to fight recklessly!
You are too injured to fight recklessly!
You are too injured to fight recklessly!
You are too injured to fight recklessly!
You are too injured to fight recklessly!
You are too injured to fight recklessly!
You completely miss the adder.
You feel sick. You block the adder's attack. The adder bites you.
You are more poisoned.
The adder poisons you!
Your scale mail prevents you from hitting the adder.
You feel sick.
The adder bites you but does no damage. x2
It was a potion of flight.
You feel very buoyant.
You fly up into the air.
You feel sick. You block the adder's attack.
You feel very mighty all of a sudden.
You feel sick. The adder bites you.
* * * LOW HITPOINT WARNING * * *
You closely miss the adder.
You feel sick. The adder barely misses you. The adder bites you.
* * * LOW HITPOINT WARNING * * *
You are lethally poisoned!
The adder poisons you!
You closely miss the adder.
* * * LOW HITPOINT WARNING * * *
You feel sick. You block the adder's attack. The adder completely misses you.
You closely miss the adder.
* * * LOW HITPOINT WARNING * * *
You feel sick. The adder bites you but does no damage. The adder bites you.
You die...

#..#### #.# #..# #.#
#..# #.#
##############..# #.#
#............#..# #.#
#.# #.......#..# #.#
#.####.......#..## .
#............<...##...!
##............#.@S......
.(..).........##..##....
##............##..# .
#.........#####..#
########### #..# ######
...# ...... .... ......
...# ######


You could see an adder.

Vanquished Creatures
  An adder (D:2)
  A dart slug (D:1)
  3 ball pythons (D:1)
  A bat (D:1)
  5 endoplasms
  4 giant cockroaches
  5 goblins
  7 hobgoblins (D:1)
  2 quokkas (D:1)
  2 frilled lizards (D:1)
  5 kobolds (D:1)
  A rat (D:1)
37 creatures vanquished.

Notes
Turn   | Place    | Note
-------+----------+-------------------------------------------
     0 | D:1      | zeram the Merfolk Fighter began the quest for the Orb.
     0 | D:1      | Reached XP level 1. HP: 18/18 MP: 1/1
    76 | D:1      | Reached XP level 2. HP: 24/24 MP: 2/2
   181 | D:1      | Found a faded altar of an unknown god.
   224 | D:1      | Reached XP level 3. HP: 5/29 MP: 3/3
  1434 | D:2      | Reached skill level 4 in Polearms
  1492 | D:2      | Slain by an adder

Illustrated notes

Levels and vault maps discovered:
D:1:      nicolae_arrival_memento_mori, layout_loops_ring,
          chequers_ecumenical_altar_simple_redux,
          amcnicky_mini_rare_corridor_liquid
D:2:      layout_loops_ring

Skill      XL: |  1  2  3 |
---------------+----------+-----
Polearms       | 4 |  4.1
Fighting       | |  3.7
Armour         | |  2.3
Dodging        | |  0.6
Shields        | |  3.6

Action                   || total
-------------------------++-------
Melee: Trident           ||   124
  Use: Potion            ||     4
       Scroll            ||     4
Armor: Scale mail        ||    43
Dodge: Dodged            ||    31
Block: Kite shield       ||    61
